And, neutral male human Tourist --- -- -- ---.---.-- . ---- --- --........| -.-- |..| ---.--- |........- |...--..| |.....| |........| -..^...---- |.....| --....>..-- --........----- --....-- |.)......| --.%%....).%.| |.....| |.......-- --..[....--.--- ---...| ---....-- #..-.<...||...| ----- --..----- |.|.-- --.-------.-----.|.----...--.---.|-- --- |..........)............| ------- ---..|.....|.-..........-- .....| ---|.....|.............-----....| |.......^..............--...- -----......................-- --..........*...........| --.....---..---........--- ----..| |..| |..........| ---- ---- ---.|..--..| ------ --- And the Peregrinator Experience level: 11 Strength: 14 Dexterity: 17 Constitution: 18 Intelligence: 12 Wisdom: 11 Charisma: 17 Health: 102(111) Energy: 42(42) AC: 0 Gold: 80 Moves: 31789 Your Inventory: Coins $ - 80 gold pieces Amulets e - an uncursed elliptic amulet [versus poison] Weapons t - 9 uncursed +0 crude daggers [orcish] u - an uncursed corroded +0 crude dagger [orcish] (in quiver) v - 4 uncursed +1 crude daggers [orcish] E - 6 [uncursed +0] daggers K - an uncursed [+1] runed dagger [elven] N - 2 uncursed [+0] runed daggers [elven] Armor j - an uncursed +0 Hawaiian shirt (being worn) w - a blessed very burnt very rotted +2 coarse mantelet [orcish cloak] (being worn) y - an uncursed +0 hard hat [dwarvish iron helm] (being worn) I - an uncursed +0 pair of kicking boots (being worn) T - an uncursed +0 elven mithril-coat (being worn) Comestibles c - 2 uncursed tripe rations Scrolls i - a blessed scroll of magic mapping O - an uncursed scroll labeled ZELGO MER [of genocide] Q - an [uncursed] scroll labeled LOREN IPSUM [of destroy armor] W - a blessed scroll labeled HAPAX LEGOMENON [of enchant armor] Potions B - an [uncursed] potion of invisibility Rings C - a [cursed] jacinth ring [of free action] H - an uncursed ring of invisibility (on right hand) X - a [cursed] ridged ring [of teleportation] Wands d - an uncursed iridium wand [of make invisible (0:2)] x - an uncursed wand of striking [0:3] L - an uncursed wand of magic missile [0:1] M - an uncursed wand of striking [0:0] V - an uncursed aluminum wand [of cold (0:7)] Z - an uncursed curved wand [of speed monster (0:7)] Tools a - an uncursed magic whistle f - an uncursed [wax] candle k - an uncursed expensive camera (0:52) l - an uncursed credit card p - an uncursed towel r - an uncursed sack s - an uncursed +1 unicorn horn (weapon in hands) A - a blessed [magic] lamp (lit) D - an uncursed sack J - an uncursed [+0] pick-axe P - an uncursed partly used [wax] candle (0:62) R - 4 uncursed [tallow] candles S - an [uncursed] sack Contents of the sack: an uncursed iridium wand [of make invisible (0:6)] an uncursed maple wand [of probing (0:6)] an uncursed platinum wand [of polymorph (0:4)] an uncursed quartz wand [of sleep (0:4)] an uncursed quartz wand [of sleep (0:6)] an uncursed steel wand [of slow monster (0:8)] an uncursed wand of striking [0:8] an uncursed wand of striking [0:5] Contents of the sack: 3131 gold pieces 4 uncursed [+0] daggers 2 uncursed sprigs of wolfsbane 3 uncursed scrolls of magic mapping an uncursed chrysoberyl ring [of cold resistance] an uncursed opal ring [of aggravate monster] an uncursed pearl ring [of regeneration] an uncursed porcelain ring [of sustain ability] an uncursed wire ring [of fire resistance] an uncursed wand of magic missile [0:7] Spells known in the end: Name Level Category Fail Memory Your skills at the end: Fighting Skills Weapon Skills dagger [Expert / Expert] dart [Basic / Expert] unicorn horn [Skilled / Skilled] Spellcasting Skills Final Attributes: You were piously aligned. Hunger level was 1543. Your alignment was 167 / 168. Monster difficulty range was 1 - 10. Level difficulty was 10. You resisted fire. You resisted cold. You resisted poison. You were telepathic. You had automatic searching. You were invisible. Your luck was zero. You are dead. Vanquished creatures: a ghost 2 giant mimics a large mimic 3 wargs 3 small mimics a rodent of unusual size 2 xans an ettin mummy 2 wood golems a pyrolisk 2 flaming spheres a large cat a tiger a leocrotta a human mummy a red naga 12 ettin zombies 2 leather golems an incubus 2 chameleons a crocodile 3 giant beetles a quivering blob 8 wolves 3 winter wolf cubs a lynx a panther 2 spotted jellies 3 leprechauns an iron piercer 4 mumakil 3 ice vortices 2 black lights 3 vampire bats 4 gnome kings 2 orc mummies a dwarf mummy 5 brown puddings an owlbear 2 yetis 3 gold golems a werewolf a lizard a chickatrice a dog a dingo a housecat a jaguar 3 dwarf lords 5 blue jellies 2 white unicorns 2 gray unicorns 3 black unicorns a dust vortex 2 ravens 3 plains centaurs 4 gnome mummies 2 snakes 2 apes 5 human zombies a rope golem 2 Woodland-elves 4 soldier ants 2 bugbears 3 imps a quasit 3 wood nymphs 3 water nymphs 3 mountain nymphs 14 Mordor orcs 17 Uruk-hai 2 orc shamans 2 rock piercers 4 enormous rats a rock mole a pony 4 fog clouds 5 yellow lights 2 shriekers 3 violet fungi 14 gnome lords 4 gnomish wizards 5 kobold mummies a black naga hatchling 2 golden naga hatchlings a guardian naga hatchling 4 gray oozes a barrow wight 8 elf zombies a ghoul 3 straw golems a paper golem 9 giant ants 2 little dogs 8 floating eyes 3 kittens 18 dwarves 3 homunculi 2 kobold lords 2 kobold shamans 30 hill orcs 11 rothes 4 rabid rats 3 centipedes 5 giant bats 5 monkeys 5 orc zombies 3 dwarf zombies a werejackal 13 iguanas 10 killer bees 8 acid blobs 8 coyotes 3 gas spores 12 hobbits 4 manes 6 large kobolds 5 hobgoblins 15 giant rats 5 cave spiders 4 brown molds 2 yellow molds 9 red molds 74 gnomes 3 garter snakes a gnome zombie 9 geckos 14 jackals 8 foxes 2 kobolds 11 goblins 9 sewer rats 27 grid bugs 6 bats 9 lichens 4 kobold zombies 16 newts 669 creatures vanquished. Voluntary challenges: You used a wielded weapon 1137 times. You read items or engraved 696 times. You put on armor 40 times. You never genocided any monsters. You never polymorphed an object. You never changed form. You used no wishes. You wrote Elbereth's name 452 times. You encountered 1 bones level. You never used any Sokoban shortcuts. Dungeon overview: The Dungeons of Doom: levels 1 to 7 Level 1 a long staircase Level 2 a general store, a fountain stairs to The Gnomish Mines Level 4 a general store Level 5 many fountains Level 6 a tool shop, some fountains stairs to Sokoban The Gnomish Mines: levels 3 to 11 Level 3 stairs to The Dungeons of Doom Level 5 a lighting shop, a temple to The Lady, a magic chest, some fountains, a sink Level 10 <- You were here Sokoban: levels 3 to 5 Level 5 a magic chest stairs to The Dungeons of Doom History has recorded: On T:1 you entered the Dungeons of Doom to retrieve the Amulet of Yendor! On T:648 you reached level 2 of The Dungeons of Doom. On T:1290 you advanced to experience level 2. On T:1528 you reached level 3 of The Dungeons of Doom. On T:1664 you advanced to experience level 3. On T:1672 you reached level 1 of The Gnomish Mines. On T:2506 you advanced to experience level 4. On T:2903 you reached level 4 of The Dungeons of Doom. On T:3756 you advanced to experience level 5. On T:4595 you reached level 5 of The Dungeons of Doom. On T:5707 you advanced to experience level 6. On T:7744 you advanced to experience level 7. On T:8674 you advanced to experience level 8. On T:10014 you reached level 6 of The Dungeons of Doom. On T:10308 you reached level 7 of The Dungeons of Doom. On T:10757 you reached level 3 of Sokoban. On T:12886 you advanced to experience level 9. On T:16252 you reached level 2 of Sokoban. On T:17238 you reached level 1 of Sokoban. On T:19863 you advanced to experience level 10. On T:23618 you reached level 2 of The Gnomish Mines. On T:24535 you reached level 3 of The Gnomish Mines. On T:25307 you reached level 4 of The Gnomish Mines. On T:28458 you advanced to experience level 11. On T:28498 you reached level 5 of The Gnomish Mines. On T:29065 you reached level 6 of The Gnomish Mines. On T:30430 you reached level 7 of The Gnomish Mines. On T:30638 you reached level 8 of The Gnomish Mines. On T:31767 you reached level 9 of The Gnomish Mines. Latest messages: The hobbit wields 2 daggers! The locust bites! The locust stings! You feel deathly sick. [HP-12=99] You hit the locust! The locust bites! The locust misses. You find a rope golem posing as a statue. You hit the locust! The locust bites! The locust misses. The gnome deliberately jumps onto a polymorph trap! The locust just misses! The locust stings! You feel much worse. [HP-2=97] [2 turns] [HP+2=99] [HP+2=101] [2 turns] You die from your illness. The sack is empty. Final status: Aloha And the Tourist... You were poisoned in The Gnomish Mines on dungeon level 10 with 10511 points, and 3211 pieces of gold, after 31789 moves. You were level 11 with a maximum of 111 hit points when you were poisoned.